 Dungeon Crawl Stone Soup version 0.27.0-1-g7a089689b8 (webtiles) character file.

Game seed: 3923139433417076377

26 inmateoo the Skirmisher (level 3, -2/31 HPs)
             Began as a Ghoul Chaos Knight on Aug 12, 2021.
             Was a Plaything of Xom.
             Slain by a quasit (3 damage)
             ... summoned by Xom
             ... while paralysed
             ... on level 1 of the Dungeon.
             The game lasted 00:00:50 (679 turns).

inmateoo the Skirmisher (Ghoul Chaos Knight)         Turns: 679, Time: 00:00:50

Health: -2/31      AC:  5    Str: 16    XL:     3   Next: 8%
Magic:  2/2        EV:  2    Int:  7    God:    Xom [....*.]
Gold:   43         SH:  0    Dex: -1 (8) Spells: 2/2 levels left

rFire    + . .     SeeInvis .   a - +0 hand axe (chaos)
rCold    + . .     Faith    .   (no shield)
rNeg     + + +     Spirit   .   b - +2 leather armour
rPois    ∞         Reflect  .   (no helmet)
rElec    .         Harm     .   (no cloak)
rCorr    .         Rampage  .   (no gloves)
Will     .....                  (no boots)
Stlth    ..........             (no amulet)
HPRegen  0.00/turn              e - ring of protection from fire
MPRegen  0.08/turn              (no ring)

@: paralysed, inhibited regen, slowed, lost dexterity
A: claws 1, cold resistance 1, negative energy resistance 3, inhibited
regeneration, torment resistance 2
a: Renounce Religion


You were on level 1 of the Dungeon.
You worshipped Xom.
You were a beloved toy of Xom.
You visited 1 branch of the dungeon, and saw 1 of its levels.

You collected 43 gold pieces.

Inventory:

Hand Weapons
 a - a +0 hand axe of chaos (weapon)
Armour
 b - a +2 leather armour (worn)
 i - a +0 chain mail
Jewellery
 e - a ring of protection from fire (left claw)
Scrolls
 c - a scroll of blinking {unknown}
 h - a scroll of amnesia {unknown}
Potions
 d - a potion of heal wounds {unknown}
 f - a potion of curing {unknown}
 g - a potion of haste {unknown}


   Skills:
 + Level 3.5 Fighting
 * Level 3.1 Axes
 + Level 2.1 Armour
 + Level 1.3 Dodging


You had 2 spell levels left.
You didn't know any spells.
Your spell library was empty.

Dungeon Overview and Level Annotations

Branches:
Dungeon (1/15)

Altars:


Innate Abilities, Weirdness & Mutations

You thrive by killing the living.
You are immune to poison.
You have sharp fingernails.
Your flesh is cold resistant. (rC+)
You are immune to negative energy. (rN+++)
You do not regenerate when monsters are visible.
You are immune to unholy pain and torment.


Message History

The quasit bites you.
* * * LOW HITPOINT WARNING * * *
You feel clumsy.
The quasit claws you but does no damage. x2
The quasit barely misses you. The quasit misses you.
The quasit closely misses you.
You hit the quasit. You burn the quasit.
The quasit is severely wounded.
The quasit misses you.
The quasit claws you but does no damage. x2
You closely miss the quasit.
The quasit is severely wounded.
The quasit closely misses you. The quasit claws you.
* * * LOW HITPOINT WARNING * * *
You feel clumsy.
The quasit claws you but does no damage.
You miss the quasit.
The quasit is severely wounded.
The quasit closely misses you.
The quasit claws you but does no damage. x2
The quasit bites you.
* * * LOW HITPOINT WARNING * * *
The quasit claws you but does no damage. x2
You miss the quasit.
The quasit is severely wounded.
The quasit bites you but does no damage.
The quasit closely misses you.
The quasit claws you but does no damage.
You barely miss the quasit.
The quasit is severely wounded.
The quasit misses you.
The quasit claws you but does no damage.
The quasit claws you.
* * * LOW HITPOINT WARNING * * *
You feel clumsy.
You have lost your dexterity.
The quasit bites you.
* * * LOW HITPOINT WARNING * * *
You feel clumsy. The quasit claws you.
You die...

#.# #.#
#.# #.#
#.#
########.#
#..).....#
#.########
#@....#
#5....#
#.....#
#.....#
#.....###
#.....).#
#.##....#
#.##....#
#.##.)..#


You could see a quasit (summoned, strong).

Vanquished Creatures
  2 ball pythons (D:1)
  2 endoplasms (D:1)
  2 giant cockroaches (D:1)
  3 goblins (D:1)
  2 hobgoblins (D:1)
  2 quokkas (D:1)
  2 bats (D:1)
  2 frilled lizards (D:1)
  3 kobolds (D:1)
  6 rats (D:1)
26 creatures vanquished.

Notes
Turn   | Place    | Note
-------+----------+-------------------------------------------
     0 | D:1      | inmateoo the Ghoul Chaos Knight began the quest for the
                  | Orb.
     0 | D:1      | Reached XP level 1. HP: 19/19 MP: 0/0
    63 | D:1      | Reached skill level 1 in Dodging
    74 | D:1      | XOM: silly message
    88 | D:1      | Reached XP level 2. HP: 18/26 MP: 1/1
    91 | D:1      | Found a faded altar of an unknown god.
   302 | D:1      | XOM: noise
   305 | D:1      | XOM: silly message
   588 | D:1      | Reached XP level 3. HP: 31/31 MP: 2/2
   651 | D:1      | XOM: summons 2 hostile demons
   679 | D:1      | Lost dexterity.
   679 | D:1      | HP: 1/31 [quasit[Xom] (1)]
   679 | D:1      | Slain by a quasit

Illustrated notes

Levels and vault maps discovered:
D:1:      minmay_arrival_four_houses, layout_basic, basic_ecumenical_altar

Skill      XL: |  1  2 |
---------------+-------+-----
Dodging        | 1 |  1.3
Axes           | 3 |  3.1
Armour         | 2 |  2.1
Fighting       | |  3.5

Action                   || total
-------------------------++-------
Melee: Hand axe          ||    78
Armor: Leather armour    ||    67
Dodge: Dodged            ||    60
